 Dungeon Crawl Stone Soup version 0.29-a0-323-g050149af67 (webtiles) character file.

Game seed: 15291268132023099134

19 Dabor the Chiller (level 2, 19/19 HPs)
             Began as a Demonspawn Ice Elementalist on Apr 10, 2022.
             Got out of the dungeon alive.
             The game lasted 00:00:45 (997 turns).

Dabor the Chiller (Demonspawn Ice Elementalist)      Turns: 997, Time: 00:00:45

Health: 19/19      AC:  3    Str:  8    XL:     2   Next: 55%
Magic:  5/5        EV: 12    Int: 16    God:
Gold:   29         SH:  0    Dex: 13    Spells: 4/5 levels left

rFire   . . .      SeeInvis .   (no weapon)
rCold   . . .      Faith    .   (no shield)
rNeg    . . .      Spirit   .   a - +0 robe
rPois   .          Reflect  .   (no helmet)
rElec   .          Harm     .   (no cloak)
rCorr   .          Rampage  .   c - +0 pair of gloves
Will    .....                   (no boots)
Stlth   ++........              (no amulet)
HPRegen 0.06/turn               (no ring)
MPRegen 0.09/turn               (no ring)

@: no status effects
A: weakness stinger 1
a: no special abilities


You escaped.
You visited 1 branch of the dungeon, and saw 1 of its levels.

You collected 29 gold pieces.

Inventory:

Armour
 a - a +0 robe (worn)
 c - a +0 pair of gloves (worn)
Scrolls
 f - a scroll of enchant armour {unknown}
 g - a scroll of fog {unknown}
 h - a scroll of teleportation {unknown}
Potions
 b - a potion of magic
 d - a potion of lignification {unknown}
 e - a potion of attraction {unknown}
 i - a potion of mutation {unknown}


   Skills:
 + Level 2.1 Dodging
 + Level 2.1 Stealth
 + Level 2.2 Spellcasting
 + Level 3.8 Ice Magic


You had 4 spell levels left.
You knew the following spells:

 Your Spells              Type           Power      Damage    Failure   Level
a - Freeze                Ice            52%        1d7       4%          1

Your spell library contained the following spells:

 Spells                   Type           Power      Damage    Failure   Level
 Frozen Ramparts          Ice            26%        1d4       13%         3
 Ozocubu's Armour         Ice            13%        N/A       13%         3
 Hailstorm                Conj/Ice       7%         3d4       67%         4


Dungeon Overview and Level Annotations

Branches:
Dungeon (1/15)

Altars:


Innate Abilities, Weirdness & Mutations

You have a small tail.


Message History

You freeze the bat!
You kill the bat!
The bat closely misses you.
You freeze the bat!
You kill the bat!
No target in view!
You can't see any susceptible monsters within range! (Use Z to cast anyway.) No target in view!
You can't see any susceptible monsters within range! (Use Z to cast anyway.) No target in view!
You can't see any susceptible monsters within range! (Use Z to cast anyway.) No target in view!
You can't see any susceptible monsters within range! (Use Z to cast anyway.)
Things that are here:
a bat corpse; a bat corpse You can't see any susceptible monsters within range! (Use Z to cast anyway.)
Things that are here:
a bat corpse; a bat corpse Done exploring.
Done exploring.
No target in view!
You can't see any susceptible monsters within range! (Use Z to cast anyway.) Done exploring.
No target in view!
You can't see any susceptible monsters within range! (Use Z to cast anyway.) Done exploring.
You can't see any susceptible monsters within range! (Use Z to cast anyway.) No target in view!
Done exploring.
No target in view!
You can't see any susceptible monsters within range! (Use Z to cast anyway.) Done exploring.
There is an open door here.
There is an open door here.
There is an open door here.
There is an open door here.
There is an open door here.
There is a staircase leading out of the dungeon here.
Are you sure you want to leave the Dungeon?
This will make you lose the game!
You have escaped!

..(...# #........# ......#
#........# ......#
#..).....####### ..#.###
#........+.....### ..#.#
#........#.....'.# .##.#
#........#.....#.# .##.#
#........#..8..#.#
....#######'######.....#.#
###....#.....#.'@#.....#.#
.......#.###.#'###'#####.######
###..........#..#...#.........#
####.#.##.####..'...#.#######.#
........#.# ####..[#.#.....#.#
####.#..#.###########.#.###.#.#
...#.#..#...........#.#.###.#.#
##.#.#..#..##...............#.#
##.#.####..##.......#.#####.#.#


There were no monsters in sight!

Vanquished Creatures
  3 ball pythons (D:1)
  An endoplasm (D:1)
  A goblin (D:1)
  A hobgoblin (D:1)
  A kobold (D:1)
  6 bats (D:1)
  2 frilled lizards (D:1)
  A rat (D:1)
16 creatures vanquished.

Notes
Turn   | Place    | Note
-------+----------+-------------------------------------------
     0 | D:1      | Dabor the Demonspawn Ice Elementalist began the quest for
                  | the Orb.
     0 | D:1      | Reached XP level 1. HP: 13/13 MP: 3/3
   477 | D:1      | Gained mutation: You have a small tail. [demonic ancestry]
   477 | D:1      | Reached XP level 2. HP: 17/19 MP: 0/5
   997 | D:$      | Got out of the dungeon alive.

Illustrated notes

Levels and vault maps discovered:
D:1:      evilmike_arrival_fibonacci_small, layout_basic

Skill      XL: |  1 |
---------------+----+-----
Stealth        | 2 |  2.1
Dodging        | 2 |  2.1
Spellcasting   | |  2.2
Ice Magic      | |  3.8

Action                   || total
-------------------------++-------
Melee: Unarmed           ||     7
       Tailslap          ||     2
 Cast: Freeze            ||    21
Armor: Robe              ||     9
Dodge: Dodged            ||    23

Table legend: (Time is in decaauts)
 A = Elapsed time spent in this place.
 B = Non-inter-level travel time spent in this place.
 C = Inter-level travel time spent in this place.
 D = Time resting spent in this place.
 E = Time spent auto-exploring this place.
 F = Levels seen in this place.
 G = Mean time per level.
                   A        B        C        D        E       F      G
               +--------+--------+--------+--------+--------+-----+--------+
         Total |    997 |    971 |     26 |      0 |    861 |   1 |  997.0 |
       Dungeon |    997 |    971 |     26 |      0 |    861 |   1 |  997.0 |
               +--------+--------+--------+--------+--------+-----+--------+

Top non-repeatable levels by time:
     D:1: 997 daAuts
